 Dungeon Crawl Stone Soup version 0.24-a0-368-g0e0cebd0f3 (webtiles) character file.

Game seed: 6400383460298903388

98679 HAL9000 the Covert (level 16, -1/79 HPs)
             Began as a Vine Stalker Assassin on May 28, 2019.
             Was a Follower of Uskayaw.
             Slain by a black mamba (7 damage)
             ... on level 3 of the Lair of Beasts on May 29, 2019.
             The game lasted 01:37:50 (25915 turns).

HAL9000 the Covert (Vine Stalker Assassin)         Turns: 25915, Time: 01:37:51

Health: -1/79      AC: 13    Str: 23    XL:     16   Next: 23%
Magic:  0/36       EV: 11    Int: 18    God:    Uskayaw [*.....]
Gold:   2333       SH: 12    Dex: 22    Spells: 16/27 levels left

rFire    + + .     SeeInvis .   V - +4 rapier "Orb Guardian's Doom" {freeze, rF+}
rCold    + . .     Gourm    .   P - +6 buckler of Muttered Phrases {Str+4}
rNeg     + . .     Faith    .   T - +1 ring mail "Vemiuh" {+Fly rN+ Dex+3}
rPois    .         Spirit   +   R - +3 hat of Pondering {ponderous, MR+ MP+10 Int+5}
rElec    .         Reflect  .   M - scarf {rC+ rF+}
rCorr    .         Harm     .   o - +0 pair of gloves
MR       +++..                  l - +0 pair of boots
Stlth    ++++++....             k - amulet of regeneration
HPRegen  1.43/turn              A - +3 ring of strength
MPRegen  0.25/turn              S - ring of stealth

@: lethally poisoned (-1 -> -1), about to teleport, marked, very slightly
contaminated, slow
A: fangs 3, regeneration 2, magic shield, antimagic bite, no potion heal 3, rot
immunity
a: Stomp, Renounce Religion, Evoke Flight


You were on level 3 of the Lair of Beasts.
You worshipped Uskayaw.
Uskayaw was pleased with you.
You were hungry.

You visited 5 branches of the dungeon, and saw 25 of its levels.
You also visited: Ossuary.

You collected 2682 gold pieces.
You spent 349 gold pieces at shops.

Inventory:

Hand Weapons
 t - a +3 scimitar of flaming
 V - the +4 rapier "Orb Guardian's Doom" (weapon) {freeze, rF+}
   (You found it on level 6 of the Lair of Beasts)

   It has been specially enchanted to freeze those struck by it, causing extra
   injury to most foes and up to half again as much damage against particularly
   susceptible opponents.
   It can also slow down cold-blooded creatures.
   It protects you from fire.
 Y - a +2 dagger of electrocution
Missiles
 b - 18 bolts
 d - a throwing net
 p - 12 javelins
 U - 4 curare-tipped darts
 X - 3 silver javelins (quivered)
Armour
 l - a +0 pair of boots (worn)
 o - a +0 pair of gloves (worn)
 M - a scarf of resistance (worn)
 P - the +6 buckler of Muttered Phrases (worn) {Str+4}
   (You found it on level 2 of the Lair of Beasts)

   It affects your strength (+4).
 R - the +3 hat of Pondering (worn) {ponderous, MR+ MP+10 Int+5}
   (You took it off Gastronok on level 12 of the Dungeon)

   It affects your intelligence (+5).
   It affects your resistance to hostile enchantments.
   It affects your magic capacity (+10).
 T - the +1 ring mail "Vemiuh" (worn) {+Fly rN+ Dex+3}
   (You found it on level 4 of the Lair of Beasts)

   It affects your dexterity (+3).
   It protects you from negative energy.
   It lets you fly.
Jewellery
 c - an uncursed ring of see invisible
 k - an amulet of regeneration (around neck)
 m - an uncursed ring of positive energy
 A - a +3 ring of strength (left hand)
 S - a ring of stealth (right hand)
Wands
 r - a wand of enslavement (4)
 D - a wand of iceblast (7)
 H - a wand of paralysis (19)
 J - a wand of digging (8)
 N - a wand of polymorph (12)
 Q - a wand of acid (13)
Scrolls
 g - a scroll of brand weapon {unknown}
 n - a scroll of blinking
 s - 4 scrolls of magic mapping
 v - 3 scrolls of fog
 w - 5 scrolls of remove curse
 y - 7 scrolls of teleportation
 z - 2 scrolls of enchant weapon {unknown}
 K - a scroll of fear
 W - a scroll of silence {unknown}
Potions
 a - 2 potions of haste
 e - a potion of ambrosia
 q - 5 potions of brilliance
 u - 5 potions of flight
 C - 5 potions of agility
 F - 5 potions of mutation
 G - 3 potions of might
 I - 2 potions of cancellation
 L - a potion of magic
 O - 3 potions of curing
Miscellaneous
 h - a box of beasts
 B - a phial of floods
 Z - a fan of gales
Comestibles
 f - 44 rations


   Skills:
 - Level 6.6 Fighting
 - Level 10.0 Short Blades
 - Level 1.7 Throwing
 - Level 7.0 Armour
 - Level 0.7 Dodging
 - Level 13.1 Stealth
 - Level 4.0 Shields
 - Level 6.2 Spellcasting
 - Level 9.0 Hexes
 - Level 5.0 Translocations
 - Level 11.4 Air Magic
 - Level 12.4 Invocations
 + Level 7.5 Evocations


You had 16 spell levels left.
You knew the following spells:

 Your Spells              Type           Power        Failure   Level  Hunger
a - Mephitic Cloud        Conj/Pois/Air  ###.....     11%         3    ##.....
b - Cause Fear            Hex            #####.....   4%          4    ####...
c - Swiftness             Chrm/Air       ####....     2%          2    None
d - Blink                 Tloc           N/A          3%          2    None

Your spell library contained the following spells:

 Spells                   Type           Power        Failure   Level  Hunger
 Confusing Touch          Hex            #####.       1%          1    None
 Corona                   Hex            #####..      1%          1    None
 Shock                    Conj/Air       ####         1%          1    None
 Slow                     Hex            #####...     1%          2    None
 Airstrike                Air            #####.....   1%          4    ####...
 Apportation              Tloc           ###...       2%          1    None
 Portal Projectile        Hex/Tloc       ####..       2%          3    ##.....
 Static Discharge         Conj/Air       ####....     4%          3    ##.....
 Inner Flame              Hex/Fire       ###.....     9%          3    ##.....
 Animate Skeleton         Necr           N/A          17%         1    None
 Magic Dart               Conj           #...         17%         1    None
 Summon Small Mammal      Summ           #...         17%         1    None
 Recall                   Summ/Tloc      N/A          19%         3    ##.....
 Call Imp                 Summ           #.......     26%         2    None
 Leda's Liquefaction      Hex/Erth       ###.......   26%         4    ####...
 Lightning Bolt           Conj/Air       ####......   41%         5    #####..
 Conjure Flame            Conj/Fire      #.......     45%         3    ##.....
 Summon Mana Viper        Hex/Summ       ###.....     58%         5    #####..
 Summon Forest            Summ/Tloc      ##........   86%         5    #####..
 Aura of Abjuration       Summ           #.........   99%         5    #####..
 Bolt of Magma            Conj/Fire/Erth #.........   99%         5    #####..
 Summon Demon             Summ           #.........   99%         5    #####..
 Iron Shot                Conj/Erth      #.........   100%        6    #######
 Shadow Creatures         Summ           N/A          100%        6    #######
 Statue Form              Tmut/Erth      #........    100%        6    #######
 Shatter                  Erth           #.........   100%        9    #######


Dungeon Overview and Level Annotations

Branches:
Dungeon (15/15)            Temple (1/1) D:4            Lair (6/6) D:10
 Shoals (0/4) Lair:2        Snake (1/4) Lair:3        Slime (0/5) Lair:5
    Orc (2/2) D:9             Elf (0/3) Orc:2        Vaults (0/5) D:14
 Depths (0/5) D:15

Altars:
Ashenzari
Cheibriados
Dithmenos
Elyvilon
Fedhas
Gozag
Hepliaklqana
Kikubaaqudgha
Makhleb
Nemelex Xobeh
Okawaru
Qazlal
Ru
Sif Muna
Trog
Uskayaw
Vehumet
Wu Jian
Xom
Yredelemnul
Zin
The Shining One
Beogh
Jiyva

Shops:
D:10 !:=?   D:13 !   D:15 [   Orc:1 }   Orc:2 [(:}


Innate Abilities, Weirdness & Mutations

You have razor-sharp teeth.
You heal very quickly.
When hurt, damage is shared between your health and your magic reserves.
Your bite disrupts and absorbs the magic of your enemies.
Potions cannot restore your health.
You are immune to rotting.


Message History

Blink to where?
Press: ? - help, Dir - move target cursor You escape the naga's grasp.
You are very lightly contaminated with residual magic.
As you read the scroll of blinking, it crumbles to dust.
You feel sick.
Okay, then.
You feel sick.
You feel sick.
You can no longer pass through a line of other dancers.
Your surroundings suddenly seem different.
You feel sick.
You start resting.
You feel sick. x4
The black mamba is too close now for your liking.
You feel sick.
As you read the scroll of teleportation, it crumbles to dust.
You feel strangely unstable.
You feel sick.
You feel sick.
You feel sick. The black mamba bites you!
You die...

.....................##.....#P...
.....................P.....###P..
(......................P...# ##.#
......................###.## ##.#
....................### ### ##..P
....................# #....
.................S..###### ###..
................S...##...######P.
................@......<.........
.................................
.............###.................
.............##...........P......
............####.......#.##..#..P
..............#PP.....##.........
..........#...P.P....#.##....###.
.............................####
..............................##.


You could see a mana viper and a black mamba.

Vanquished Creatures
  Gastronok (D:12)
  A fire giant (D:15)
  A stone giant (Orc:2)
  A stone giant (shapeshifter) (D:13)
  3 ettins
  7 slime creatures
  4 vault guards (D:14)
  Fannar (Lair:2)
  6 hydras
  4 catoblepae
  4 centaur warriors
  An anaconda (Snake:1)
  A death knight (D:14)
  4 two-headed ogres
  11 death yaks
  The ghost of dcsswall the Jinx, a novice FoAM of Nemelex Xobeh (D:11)
  A fire crab (Lair:4)
  A skeletal warrior (D:14)
  5 unseen horrors
  2 orc knights (Orc:1)
  A wizard (D:14)
  20 ugly things
  An orc sorcerer (Orc:1)
  A wolf spider (D:9)
  13 cyclopes
  8 manticores
  5 elephants
  5 black mambas
  6 spiny frogs
  A torpor snail (Lair:2)
  A gargoyle (D:15)
  A centaur skeleton (D:13)
  An efreet (D:14)
  2 freezing wraiths (D:14)
  3 komodo dragons
  A rime drake (Lair:3)
  A queen bee (Lair:5)
  6 trolls
  3 meliai
  8 blink frogs
  2 polar bears
  A tyrant leech (shapeshifter) (D:15)
  7 dream sheep
  A meliai zombie (D:14)
  A raiju (shapeshifter) (D:14)
  11 hippogriffs
  6 spriggans
  2 shadows
  A wraith (D:14)
  5 wyverns
  4 water elementals
  4 vampires
  8 humans (D:14)
  2 basilisks
  4 hungry ghosts
  49 yaks
  8 vampire mosquitoes
  A warg (Orc:1)
  2 acid dragons
  2 soldier ants
  8 porcupines
  15 water moccasins
  22 orc warriors
  3 ice beasts
  3 sky beasts
  2 eyes of draining
  11 wolves (Lair:4)
  13 ogres
  9 centaurs
  5 big kobolds
  7 crocodiles
  21 bullfrogs
  An elf zombie (Ossuary)
  A wyvern zombie (D:12)
  A water moccasin zombie (D:7)
  29 killer bees
  3 scorpions
  A wight (D:14)
  5 electric eels (D:12)
  6 howler monkeys
  2 bullfrog zombies (D:6)
  7 crimson imps
  A human zombie (Ossuary)
  4 centaur zombies
  15 orc priests
  4 jellies
  Crazy Yiuf (D:2)
  6 hounds
  3 bullfrog skeletons
  9 iguanas
  28 orc wizards
  9 worker ants
  A hound zombie (Ossuary)
  3 hound skeletons
  5 mummies
  16 adders
  4 gnolls (D:8)
  3 shadow imps
  An ooze (D:1)
  3 adder zombies
  2 worms
  2 dart slugs
  2 leopard geckos
  63 orcs
  5 giant cockroaches
  14 goblins
  9 hobgoblins
  19 jackals
  6 quokkas
  2 ball pythons
  5 bats
  7 frilled lizards
  2 gnoll zombies (Ossuary)
  A hobgoblin zombie (Ossuary)
  A jackal zombie (D:9)
  9 kobolds
  A kobold zombie (Ossuary)
  2 leopard gecko skeletons (D:4)
  14 rats
  3 rat zombies (Ossuary)
729 creatures vanquished.

Vanquished Creatures (others)
  An orc wizard (D:4)
  An iguana (D:12)
  5 fungi
  4 plants
11 creatures vanquished.

Grand Total: 740 creatures vanquished

Notes
Turn   | Place    | Note
-------+----------+-------------------------------------------
     0 | D:1      | HAL9000 the Vine Stalker Assassin began the quest for the
                  | Orb.
     0 | D:1      | Reached XP level 1. HP: 11/11 MP: 2/2
   149 | D:1      | Reached XP level 2. HP: 15/15 MP: 1/3
   636 | D:1      | Reached XP level 3. HP: 5/18 MP: 2/4
  1210 | D:2      | Found a runed translucent door.
  1211 | D:2      | Noticed Crazy Yiuf
  1217 | D:2      | Killed Crazy Yiuf
  1217 | D:2      | Gained mutation: Your natural rate of healing is unusually
                  | fast. [Vine Stalker growth]
  1217 | D:2      | Reached XP level 4. HP: 23/23 MP: 5/5
  1307 | D:2      | Found a shattered altar of Ashenzari.
  1844 | D:3      | Reached XP level 5. HP: 26/26 MP: 6/6
  2118 | D:3      | Reached skill level 5 in Short Blades
  2433 | D:4      | Reached XP level 6. HP: 30/30 MP: 7/7
  2474 | D:4      | Found a staircase to the Ecumenical Temple.
  2514 | Temple   | Entered the Ecumenical Temple
  2575 | Temple   | Became a worshipper of Uskayaw the Reveler
  2732 | D:4      | Reached * piety under Uskayaw
  2765 | D:4      | Found a white marble altar of Elyvilon.
  2766 | D:4      | Found a shadowy altar of Dithmenos.
  2769 | D:4      | Found a glowing silver altar of Zin.
  2771 | D:4      | Found a sparkling altar of Nemelex Xobeh.
  2861 | D:4      | Found an ancient bone altar of Kikubaaqudgha.
  3010 | D:4      | Reached ** piety under Uskayaw
  3075 | D:4      | Reached *** piety under Uskayaw
  3370 | D:5      | Entered Level 5 of the Dungeon
  3436 | D:4      | Reached XP level 7. HP: 34/34 MP: 8/8
  4075 | D:5      | Gained mutation: You have razor-sharp teeth. [Vine Stalker
                  | growth]
  4075 | D:5      | Reached XP level 8. HP: 38/38 MP: 9/9
  4085 | D:5      | Got a warped hand axe
  4663 | D:5      | Found a shimmering altar of Xom.
  4852 | D:6      | Found a sand-covered staircase.
  4857 | Ossuary  | Entered an ossuary
  5241 | D:6      | Reached skill level 10 in Short Blades
  5266 | D:6      | Learned a level 3 spell: Mephitic Cloud
  5277 | D:6      | Learned a level 4 spell: Cause Fear
  5429 | D:6      | Reached skill level 1 in Shields
  5665 | D:6      | Reached XP level 9. HP: 40/42 MP: 10/10
  5770 | D:7      | Identified the +4 hand axe "Bipsy" {chop, Stlth+} (You
                  | found it on level 5 of the Dungeon)
  5965 | D:7      | Reached skill level 1 in Invocations
  6428 | D:7      | Reached skill level 5 in Invocations
  6942 | D:7      | Got a fine ring mail
  6953 | D:7      | Identified the +0 ring mail of the Earth {rF+++ rC- Str+6}
                  | (You found it on level 7 of the Dungeon)
  7019 | D:8      | Reached XP level 10. HP: 44/46 MP: 16/16
  7037 | D:8      | Reached **** piety under Uskayaw
  7051 | D:8      | Reached skill level 5 in Stealth
  7051 | D:8      | Reached ***** piety under Uskayaw
  7226 | D:8      | Found a glowing golden altar of the Shining One.
  7593 | D:9      | HP: 2/46 [killer bee (4)]
  7743 | D:9      | Upgraded the game from 0.24-a0-366-gc1c896e988 to
                  | 0.24-a0-368-g0e0cebd0f3
  7749 | D:9      | Noticed a two-headed ogre
  7799 | D:9      | Found a staircase to the Orcish Mines.
  8096 | D:9      | Found a burning altar of Makhleb.
  8153 | D:9      | Reached skill level 6 in Stealth
  8218 | D:9      | Killed a two-headed ogre
  8279 | D:9      | Reached skill level 7 in Stealth
  8382 | D:9      | Noticed a wolf spider
  8386 | D:9      | Killed a wolf spider
  8386 | D:9      | Reached skill level 8 in Stealth
  8700 | D:9      | Found a snail-covered altar of Cheibriados.
  8820 | D:10     | Entered Level 10 of the Dungeon
  8828 | D:10     | Found a staircase to the Lair.
  8828 | D:10     | Noticed an elephant
  8848 | D:9      | Reached skill level 9 in Stealth
  8980 | D:10     | Reached XP level 11. HP: 46/50 MP: 19/19
  9050 | D:10     | Found Xysu's Magic Scroll Shop.
  9058 | D:10     | Bought a scroll of fear for 49 gold pieces
  9372 | D:9      | Killed an unseen horror
  9372 | D:9      | Reached skill level 10 in Invocations
  9386 | D:10     | Reached skill level 10 in Stealth
  9502 | D:10     | Reached skill level 1 in Spellcasting
  9740 | D:10     | Found Ciotoq's Jewellery Emporium.
  9744 | D:10     | Bought an uncursed amulet of regeneration for 300 gold
                  | pieces
  9758 | D:10     | Found a deep blue altar of Sif Muna.
  9926 | D:10     | Found Suxkuzxosu's Book Shoppe.
 10008 | D:10     | Learned a level 2 spell: Swiftness
 10011 | D:10     | Learned a level 2 spell: Blink
 10024 | D:10     | Found Demun's Distillery.
 10273 | Lair:1   | Entered Level 1 of the Lair of Beasts
 11183 | Lair:2   | Noticed Fannar
 11184 | Lair:2   | Noticed a catoblepas
 11187 | Lair:2   | Killed Fannar
 11187 | Lair:2   | Reached skill level 5 in Spellcasting
 11214 | Lair:2   | Killed a catoblepas
 11214 | Lair:2   | Reached skill level 5 in Fighting
 11711 | Lair:2   | Gained mutation: You heal very quickly. [Vine Stalker
                  | growth]
 11711 | Lair:2   | Reached XP level 12. HP: 60/60 MP: 22/22
 11776 | Lair:2   | Reached skill level 1 in Air Magic
 11823 | Lair:2   | Got an encrusted buckler
 11847 | Lair:2   | Identified the +6 buckler of Muttered Phrases {Str+4} (You
                  | found it on level 2 of the Lair of Beasts)
 11893 | Lair:2   | Found a staircase to the Shoals.
 12775 | Lair:3   | Reached skill level 5 in Air Magic
 12777 | Lair:3   | Found a staircase to the Snake Pit.
 13565 | Lair:3   | Reached skill level 1 in Hexes
 13773 | Lair:4   | Noticed a four-headed hydra
 13827 | Lair:4   | Killed a four-headed hydra
 13962 | Lair:4   | Got a polished ring mail
 13973 | Lair:4   | Identified the +1 ring mail "Vemiuh" {+Fly rN+ Dex+3} (You
                  | found it on level 4 of the Lair of Beasts)
 14814 | Lair:5   | Noticed a four-headed hydra
 14821 | Lair:5   | Killed a four-headed hydra
 14868 | Lair:5   | Reached XP level 13. HP: 63/66 MP: 21/23
 14908 | Lair:5   | Found a viscous altar of Jiyva.
 14908 | Lair:5   | Found a staircase to the Slime Pits.
 15345 | Lair:5   | Paralysed by a spriggan for 6 turns
 15401 | Lair:4   | Reached skill level 10 in Air Magic
 16148 | Lair:6   | Entered Level 6 of the Lair of Beasts
 16334 | Lair:6   | Reached skill level 1 in Translocations
 16842 | Lair:6   | Reached skill level 5 in Hexes
 16914 | Lair:6   | Reached ****** piety under Uskayaw
 17457 | Lair:6   | Reached skill level 5 in Translocations
 17520 | Lair:6   | Reached XP level 14. HP: 54/70 MP: 17/24
 17751 | Lair:6   | Got a brightly glowing rapier
 18125 | Lair:1   | Identified the +4 rapier "Orb Guardian's Doom" {freeze,
                  | rF+} (You found it on level 6 of the Lair of Beasts)
 18211 | D:11     | Reached skill level 1 in Armour
 18763 | D:11     | Got a jewelled scale mail
 18774 | D:11     | Identified the +1 scale mail of Impermeability {rF+ Str+2}
                  | (You found it on level 11 of the Dungeon)
 18945 | D:11     | Found a runed translucent door.
 18946 | D:11     | Noticed dcsswall's ghost (novice FoAM)
 19164 | D:11     | Killed dcsswall's ghost
 19362 | D:12     | Noticed Gastronok
 19385 | D:12     | Killed Gastronok
 20395 | D:13     | Found a glowing silver altar of Zin.
 20529 | D:13     | Reached skill level 5 in Armour
 20566 | D:13     | Noticed a stone giant
 20566 | D:13     | a catoblepas changed into a stone giant
 20583 | D:13     | Killed a stone giant
 20745 | D:13     | Found Zuan's Distillery.
 21259 | Orc:1    | Entered Level 1 of the Orcish Mines
 21398 | Orc:2    | Entered Level 2 of the Orcish Mines
 21398 | Orc:2    | Found Dow Its's General Store.
 21478 | Orc:1    | Reached XP level 15. HP: 43/74 MP: 20/25
 21998 | Orc:2    | Found Juntuinn's Antique Armour Shoppe.
 22123 | Orc:2    | Found a staircase to the Elven Halls.
 22340 | Orc:2    | Found Onehodo's Book Boutique.
 22411 | Orc:2    | Found Bicois's Gadget Emporium.
 22439 | Orc:2    | Found Duahi's Antique Weapon Shoppe.
 22730 | Orc:1    | Found Hailyat's Gadget Shop.
 23120 | D:14     | Reached skill level 11 in Stealth
 23188 | D:14     | Found a gate to the Vaults.
 23329 | D:14     | Reached skill level 12 in Stealth
 24177 | D:14     | Reached skill level 13 in Stealth
 24240 | D:14     | Found a roughly hewn altar of Beogh.
 24322 | D:14     | Reached skill level 1 in Evocations
 24795 | D:15     | Entered Level 15 of the Dungeon
 24861 | D:15     | Found Hussof's Antique Armour Boutique.
 25086 | D:15     | Reached skill level 5 in Evocations
 25148 | D:15     | Reached XP level 16. HP: 79/79 MP: 26/26
 25284 | D:15     | Found a staircase to the Depths.
 25888 | Snake:1  | Entered Level 1 of the Snake Pit
 25903 | Lair:3   | HP: 2/79 [naga/+0 hand axe (9)]
 25908 | Lair:3   | HP: 3/79 [poisoned by a naga warrior (splash of poison)]
 25915 | Lair:3   | Slain by a black mamba

Levels and vault maps discovered:
D:1:      dpeg_arrival_arbitrary_a, layout_basic, patterned_corridor
D:2:      layout_loops_ring, lemuel_round_altar, first_ration,
          uniq_crazy_yiuf_cottage
D:3:      layout_rooms
D:4:      layout_basic, lemuel_crystal_altar, minitemple,
          minmay_temple_entry_crystal_x
D:5:      layout_rooms, nicolae_overflow_hidden_temple,
          minmay_a_box_with_orc_wizards_in_it
D:6:      layout_basic, enter_ossuary_2
D:7:      layout_basic
D:8:      layout_rooms, old_standard_altar
D:9:      layout_rooms, slow_altar_2, makhleb_heckhound_becter, orc_0_dummy,
          serial_glass, glass_columns_b, glass_columns_c, minmay_three_doors
D:10:     kennysheep_orc_sif_temple, layout_long_grid, david_lair_generic,
          serial_shops, shop, nicolae_shop_stone, shop_statue,
          nicolae_shop_trees
D:11:     minmay_angry_zag, layout_irregular_city, gammafunk_ghost_grave
D:12:     layout_basic, uniq_gastronok
D:13:     layout_basic, serial_shops, kennysheep_little_box, basic_altar
D:14:     layout_roguey [special_room_orc], ximxim_vaults_locker_room,
          minmay_misc_feat_plants, hangedman_ranch [blue_anna_fruit_fields],
          minmay_the_grid_square_5x5_3x3_mashed
          [minmay_the_grid_square_5x5_n_small, minmay_the_grid_square_5x5_inset,
          minmay_the_grid_square_5x5_inverted_slash,
          minmay_the_grid_square_5x5_comb,
          minmay_the_grid_square_5x5_megaprize_hollow,
          minmay_the_grid_square_5x5_eight_small,
          minmay_the_grid_square_5x5_checkered_statues,
          minmay_the_grid_square_5x5_minimal,
          minmay_the_grid_square_5x5_shrine2]
D:15:     grunt_enter_depths_giant_problem, layout_loops_ring, serial_shops,
          shop, st_stairs_7
Temple:   nicolae_temple_x_marks_the_god
Lair:1:   layout_misc_corridors, eino_small_chamber_without_monster,
          serial_bayou_shore_a
Lair:2:   layout_regular_city, elwin_shoals_entry_rocks, minmay_holes,
          chequers_serial_rivers_micro_e, minivault_19, grunt_megastairs_3,
          uniq_fannar
Lair:3:   layout_layer_cave, minmay_snake_entry_six_corridors
Lair:4:   layout_regular_city, enter_volcano_1, infiniplex_staircase_pool,
          grunt_megastairs_2
Lair:5:   layout_roguey [special_room_bee], slime_altar_1, wad_woods_01
Lair:6:   evilmike_catoblepas_cave, layout_big_grid, lemuel_fruit_tree,
          grunt_megastairs_1
Snake:1:  layout_misc_corridors, serial_shops, shop_fountains
Orc:1:    layout_diamond_mine, serial_shops, shop
Orc:2:    grunt_orc_gardens, layout_diamond_mine, grunt_orc_garden,
          grunt_orc_garden, grunt_orc_garden, grunt_orc_garden, serial_shops,
          shop

Skill      XL: |  1  2  3  4  5  6  7  8  9 10 11 12 13 14 15 16 |
---------------+-------------------------------------------------+-----
Short Blades   | 2 3 4 5 6 8 10 | 10.0
Shields        | 2 4 |  4.0
Invocations    | 7 9 10 11 12 | 12.4
Stealth        | 9 10 13 | 13.1
Fighting       | 5 6 |  6.6
Spellcasting   | 6 |  6.2
Air Magic      | 9 11 | 11.4
Hexes          | 3 6 9 |  9.0
Translocations | 5 |  5.0
Armour         | 6 7 |  7.0
Evocations     | 5 7 |  7.5
Throwing       | |  1.7
Dodging        | |  0.7

Action                   |  1- 3 |  4- 6 |  7- 9 | 10-12 | 13-15 | 16-18 || total
-------------------------+-------+-------+-------+-------+-------+-------++-------
Melee: Dagger            |    99 |   182 |   420 |   889 |   536 |       ||  2126
       Bite              |    18 |    51 |   167 |   307 |   692 |    41 ||  1276
       Rapier            |       |       |       |       |   905 |    90 ||   995
Throw: Dart              |     3 |     2 |    13 |    17 |       |       ||    35
       Javelin           |       |       |       |     7 |       |       ||     7
       Boomerang         |       |       |       |     3 |    26 |       ||    29
 Cast: Swiftness         |       |       |       |     1 |     1 |       ||     2
       Mephitic Cloud    |       |       |       |       |     5 |       ||     5
Invok: Stomp             |       |       |     5 |    10 |    11 |       ||    26
       Line Pass         |       |       |     3 |     6 |    10 |       ||    19
Evoke: Wand              |       |       |       |     1 |       |       ||     1
  Use: Scroll            |       |     4 |     8 |     9 |     9 |     5 ||    35
       Potion            |       |       |       |     1 |       |       ||     1
 Stab: Sleeping          |     8 |    11 |     8 |    26 |    37 |     4 ||    94
       Distracted        |     1 |       |       |     2 |     4 |     1 ||     8
       Paralysed         |       |     2 |     6 |    22 |    67 |     9 ||   106
       Confused          |       |       |     4 |     4 |    11 |       ||    19
  Eat: Chunk             |     1 |     7 |    13 |    26 |    33 |     2 ||    82
       Ration            |       |       |       |     1 |     2 |       ||     3
Armor: Robe              |    28 |    17 |       |       |       |       ||    45
       Leather armour    |       |    28 |   100 |   111 |       |       ||   239
       Troll leather arm |       |       |       |    39 |       |       ||    39
       Ring mail         |       |       |       |    22 |   274 |    17 ||   313
Dodge: Dodged            |    46 |    82 |   152 |   280 |   372 |    20 ||   952
Block: Buckler           |       |       |    36 |   261 |   603 |    33 ||   933

Table legend:
 A = Non-vault XP
 B = Vault XP
 C = Vault XP percentage of total XP
 D = Non-vault monster count
 E = Vault monster count
 F = Vault count percentage of total count
                 A         B        C        D         E       F
            +---------+---------+-------+---------+---------+-------
      Total |   84087 |   56883 |  40.4 |     525 |     205 |  28.1
            +---------+---------+-------+---------+---------+-------
        D:1 |      46 |       0 |   0.0 |      29 |       0 |   0.0
        D:2 |      88 |      41 |  31.8 |      28 |       1 |   3.4
        D:3 |     111 |       0 |   0.0 |      18 |       0 |   0.0
        D:4 |     395 |      75 |  16.0 |      19 |       2 |   9.5
        D:5 |     646 |     197 |  23.4 |      22 |       5 |  18.5
        D:6 |     695 |       0 |   0.0 |      14 |       0 |   0.0
        D:7 |    1782 |       0 |   0.0 |      23 |       0 |   0.0
        D:8 |     946 |       0 |   0.0 |      27 |       0 |   0.0
        D:9 |    3381 |    1084 |  24.3 |      28 |       6 |  17.6
       D:10 |    2045 |    1165 |  36.3 |      33 |       7 |  17.5
       D:11 |    4699 |    2267 |  32.5 |      27 |       6 |  18.2
       D:12 |    5468 |    2401 |  30.5 |      28 |       1 |   3.4
       D:13 |    6938 |     562 |   7.5 |      25 |       1 |   3.8
       D:14 |   10940 |   13075 |  54.4 |      30 |      61 |  67.0
       D:15 |   15794 |    1970 |  11.1 |      38 |       2 |   5.0
     Lair:1 |    1364 |       0 |   0.0 |       9 |       0 |   0.0
     Lair:2 |    4148 |    2045 |  33.0 |      16 |       3 |  15.8
     Lair:3 |    2090 |    1827 |  46.6 |       8 |      12 |  60.0
     Lair:4 |    6387 |    2379 |  27.1 |      22 |      13 |  37.1
     Lair:5 |    2136 |    3084 |  59.1 |       8 |      25 |  75.8
     Lair:6 |    8017 |   15308 |  65.6 |      27 |      32 |  54.2
    Snake:1 |     916 |       0 |   0.0 |       1 |       0 |   0.0
      Orc:1 |    3636 |    3216 |  46.9 |      29 |       4 |  12.1
      Orc:2 |    1419 |    5940 |  80.7 |      16 |       8 |  33.3
    Ossuary |       0 |     247 | 100.0 |       0 |      16 | 100.0
            +---------+---------+-------+---------+---------+-------
